 Dungeon Crawl Stone Soup version 0.27.0-66-gdc8fb28755 (webtiles) character file.

Game seed: 2218214114327905285

32875 babellerogue the Tortoise (level 13, -8/123 HPs)
             Began as a Minotaur Berserker on Aug 11, 2021.
             Was a High Priest of Trog.
             Shot with an arrow by a deep elf archer (14 damage)
             ... on level 2 of the Orcish Mines on Aug 19, 2021.
             The game lasted 02:27:21 (17534 turns).

babellerogue the Tortoise (Minotaur Berserker)     Turns: 17534, Time: 02:27:22

Health: -8/123     AC: 24    Str: 29 (30) XL:     13   Next: 33%
Magic:  0/12       EV: 16    Int: 10      God:    Trog [*****.]
Gold:   1166       SH:  0    Dex: 14      Spells: 12/12 levels left

rFire    . . .     SeeInvis +   Q - +2 dire flail (vorpal)
rCold    . . .     Faith    .   (shield currently unavailable)
rNeg     . . .     Spirit   +   t - +3 plate armour
rPois    .         Reflect  .   s - +1 hat {SInv}
rElec    +         Harm     .   (no cloak)
rCorr    .         Rampage  .   D - +0 pair of gloves
Will     .....                  v - +0 pair of boots
Stlth    ..........             f - amulet of guardian spirit
HPRegen  0.30/turn              K - ring "Naunenn" {rElec EV+4 Int+4 Dex+3}
MPRegen  0.13/turn              w - +6 ring of strength

@: slowed, very slow
A: horns 2, retaliatory headbutt, deterioration 1
a: Renounce Religion, Berserk, Trog's Hand, Brothers in Arms


You were on level 2 of the Orcish Mines.
You worshipped Trog.
Trog was extremely pleased with you.
You visited 4 branches of the dungeon, and saw 17 of its levels.

You collected 1166 gold pieces.

Inventory:

Hand Weapons
 i - a +0 halberd of distortion
 r - the +5 flail "Eblaj" {speed, rCorr Dex+4 SInv}
   (You found it on level 4 of the Dungeon)

   Attacks with this weapon are significantly faster.
   Dex:       It affects your dexterity (+4).
   SInv:      It lets you see invisible.
   rCorr:     It protects you from acid and corrosion.
 E - a +4 dire flail
 F - a +2 vorpal battleaxe
 P - a +0 great sword
 Q - a +2 vorpal dire flail (weapon)
 R - a +0 arbalest
Missiles
 d - 21 boomerangs
 q - 3 throwing nets
Armour
 s - a +1 hat of see invisible (worn)
 t - a +3 plate armour (worn)
 v - a +0 pair of boots (worn)
 D - a +0 pair of gloves (worn)
Jewellery
 f - an amulet of guardian spirit (around neck)
 k - a ring of positive energy
 w - a +6 ring of strength (right hand)
 y - an amulet of faith
 K - the ring "Naunenn" (left hand) {rElec EV+4 Int+4 Dex+3}
   (You found it on level 10 of the Dungeon)

   [ring of evasion]

   EV:        It affects your evasion (+4).
   Int:       It affects your intelligence (+4).
   Dex:       It affects your dexterity (+3).
   rElec:     It insulates you from electricity.
 M - a ring of protection from fire
 N - a ring of fire
Wands
 b - a wand of iceblast (23) (quivered)
 p - a wand of digging (6)
 x - a wand of flame (34)
 G - a wand of mindburst (5)
 O - a wand of paralysis (10)
Scrolls
 a - a scroll of fear
 h - 4 scrolls of enchant weapon
 l - a scroll of teleportation
 m - 2 scrolls of immolation
 C - 4 scrolls of noise
 H - 3 scrolls of amnesia
 J - a scroll of silence
Potions
 c - 9 potions of curing
 e - a potion of haste
 g - 3 potions of flight
 j - 3 potions of berserk rage
 n - a potion of lignification
 o - a potion of magic
 u - a potion of mutation {unknown}
 z - a potion of might {unknown}
 A - a potion of heal wounds {unknown}
 B - a potion of brilliance {unknown}
 I - a potion of attraction {unknown}
 L - a potion of resistance {unknown}


   Skills:
 * Level 13.7 Fighting
 - Level 14.0 Maces & Flails
 * Level 16.0 Armour
 * Level 8.2 Dodging
 + Level 2.1 Stealth
 + Level 2.1 Evocations


You had 12 spell levels left.
You didn't know any spells.
Your spell library contained the following spells:

 Spells                   Type           Power      Damage    Failure   Level
 Foxfire                  Conj/Fire      0%         2x1d4     90%         1
 Blink                    Tloc           N/A        N/A       97%         2
 Sublimation of Blood     Necr           0%         N/A       97%         2
 Wereblood                Tmut           0%         N/A       97%         2
 Dazzling Flash           Conj/Hex       0%         N/A       99%         3
 Frozen Ramparts          Ice            0%         1d2       99%         3
 Ice Form                 Ice/Tmut       0%         N/A       100%        4
 Iskenderun's Mystic Bla  Conj/Tloc      0%         2d3       100%        4
 Olgreb's Toxic Radiance  Pois           0%         N/A       100%        4
 Summon Ice Beast         Ice/Summ       0%         N/A       100%        4
 Agony                    Necr           0%         N/A       100%        5
 Bolt of Magma            Conj/Fire/Erth 0%         4d4       100%        5
 Lightning Bolt           Conj/Air       0%         1d11      100%        5
 Manifold Assault         Tloc           0%         N/A       100%        5
 Silence                  Hex/Air        0%         N/A       100%        5
 Starburst                Conj/Fire      0%         6d3       100%        6
 Ozocubu's Refrigeration  Ice            0%         4d5       100%        7
 Storm Form               Tmut/Air       0%         N/A       100%        7
 Summon Hydra             Summ           0%         N/A       100%        7
 Ignition                 Fire           0%         3d3       100%        8
 Maxwell's Capacitive Co  Air            0%         ∞         100%        8


Dungeon Overview and Level Annotations

Branches:
Dungeon (13/15)            Temple (0/1) D:7            Lair (1/6) D:10
    Orc (2/2) D:12            Elf (1/3) Orc:2
 Vaults: D:13-14

Altars:
Dithmenos
The Shining One
Beogh

Shops:
Orc:2 :([=

Annotations:
D:10 3 runed translucent doors


Innate Abilities, Weirdness & Mutations

You have a pair of horns on your head.
You reflexively headbutt those who attack you in melee.
Your body sometimes deteriorates upon taking damage.


Message History

The deep elf archer shoots an arrow.
The arrow hits you!
* * * LOW HITPOINT WARNING * * *
The deep elf archer shoots an arrow.
The arrow hits you.
* * * LOW HITPOINT WARNING * * *
The deep elf archer shoots an arrow.
The arrow hits you but does no damage.
The deep elf pyromancer is engulfed in blazing flames.
The deep elf archer blinks!
The deep elf archer unwields a +0 shortbow.
The deep elf archer wields a +0 short sword.
The deep elf archer hits you but does no damage.
There is a staircase back to the Mines, spattered with blood here.
Things that are here:
a +0 long sword; an elf skeleton You can't go down here!
The fire elemental completely misses you.
You furiously retaliate!
You headbutt the fire elemental.
The deep elf pyromancer points at you and mumbles some strange words.
The sticky flame hits you but does no damage.
You are covered in liquid flames!
The deep elf archer hits you but does no damage.
The fire elemental misses you. You furiously retaliate!
You headbutt the fire elemental.
You climb upwards.
Welcome back to the Orcish Mines!
You are covered in liquid flames!
* * * LOW HITPOINT WARNING * * *
You are no longer on fire.
There is a staircase to the Elven Halls, spattered with blood here.
You feel better. The deep elf archer misses you. You furiously retaliate!
You headbutt the deep elf archer! You barely miss the deep elf archer.
You headbutt the deep elf archer, but do no damage.
The deep elf archer is moderately wounded.
The deep elf archer blinks!
The deep elf archer unwields a +0 short sword.
The deep elf archer wields a +0 shortbow.
The deep elf archer shoots an arrow.
The arrow hits you!
* * * LOW HITPOINT WARNING * * *
The deep elf archer shoots an arrow.
The arrow misses you.
The deep elf archer shoots an arrow.
The arrow hits you!
You die...

..## ### ### ###.##
####....##
###........#
#........)##
#......#.))## ###
.....####.).####.##
....### ###..##[@.#
......# ###.e#[##
.###...# ###### ##
##...# ##...# #
#### ########
..#..#.# ......#


You could see a deep elf archer (repels missiles).

Vanquished Creatures
  An orc warlord (Orc:2)
  2 hydras (D:11)
  6 two-headed ogres
  A centaur warrior (D:12)
  4 orc high priests (Orc:2)
  4 orc knights (Orc:2)
  A deep elf zephyrmancer (Elf:1)
  5 deep elf pyromancers
  2 cyclopes
  An orc sorcerer (Orc:2)
  2 ugly things
  An elephant (D:10)
  4 centaur zombies
  2 unseen horrors (D:12)
  2 gargoyles
  A hornet (D:10)
  3 trolls
  7 slime creatures
  2 air elementals (Elf:1)
  A wyvern (D:9)
  2 wraiths
  5 shadows
  A spriggan (D:8)
  5 yaks (D:12)
  Grum (D:9)
  Menkaure (D:4)
  4 vampire mosquitoes (D:12)
  2 wargs (Orc:2)
  2 acid dragons (D:11)
  2 water moccasins
  5 black bears
  The ghost of p0werm0de the Covered, an amateur MiFi (D:4)
  14 ogres
  3 necrophages (D:10)
  28 orc warriors
  9 wolves
  6 centaurs
  A kobold brigand (D:8)
  2 bullfrogs
  A wyvern zombie (D:8)
  A scorpion (D:7)
  A gnoll sergeant (D:8)
  A troll zombie (D:12)
  8 killer bees
  9 wights
  4 howler monkeys
  A bullfrog zombie (D:5)
  27 orc priests
  A centaur skeleton (D:6)
  3 hounds (D:5)
  4 jellies
  3 gnoll shamans
  4 iguanas
  13 orc wizards
  A killer bee zombie (D:7)
  7 ogre zombies (D:12)
  A mummy (D:10)
  4 howler monkey zombies
  Robin (D:3)
  11 gnolls
  A river rat (D:4)
  5 adders
  A shadow imp (D:6)
  A white imp (D:5)
  An ufetubus (D:5)
  2 worms
  A dart slug (D:1)
  81 orcs
  5 ball pythons
  3 bats
  7 endoplasms
  4 giant cockroaches
  16 goblins
  5 hobgoblins
  18 jackals
  9 kobolds
  5 quokkas
  3 frilled lizards
  2 goblin skeletons (D:12)
  A goblin zombie (D:12)
  A hobgoblin skeleton (D:12)
  2 hobgoblin zombies (D:12)
  2 orc skeletons (D:12)
  17 orc zombies (D:12)
  6 rats
451 creatures vanquished.

Vanquished Creatures (others)
  A shadow (D:10)
  2 plants
3 creatures vanquished.

Grand Total: 454 creatures vanquished

Notes
Turn   | Place    | Note
-------+----------+-------------------------------------------
     0 | D:1      | babellerogue the Minotaur Berserker began the quest for the
                  | Orb.
     0 | D:1      | Reached XP level 1. HP: 19/19 MP: 0/0
   277 | D:1      | Reached XP level 2. HP: 27/27 MP: 1/1
   319 | D:1      | Found a faded altar of an unknown god.
  1110 | D:2      | Reached XP level 3. HP: 33/33 MP: 2/2
  1112 | D:2      | Reached ** piety under Trog
  1291 | D:2      | Reached skill level 3 in Armour
  1704 | D:3      | Noticed Robin
  1706 | D:3      | Reached XP level 4. HP: 39/41 MP: 3/3
  1716 | D:3      | Killed Robin
  1943 | D:3      | Reached skill level 5 in Maces & Flails
  1943 | D:3      | Reached XP level 5. HP: 47/47 MP: 4/4
  2075 | D:3      | Reached *** piety under Trog
  2960 | D:4      | Found a runed translucent door.
  2969 | D:4      | Identified the +5 flail "Eblaj" {speed, rCorr Dex+4 SInv}
  2983 | D:4      | Noticed p0werm0de's ghost (amateur MiFi)
  3020 | D:4      | Killed p0werm0de's ghost
  3021 | D:4      | Reached skill level 4 in Armour
  3021 | D:4      | Reached XP level 6. HP: 55/55 MP: 5/5
  3024 | D:4      | Reached skill level 5 in Fighting
  3028 | D:4      | Found a runed translucent door.
  3269 | D:4      | Noticed Menkaure
  3273 | D:4      | Killed Menkaure
  3274 | D:4      | Reached XP level 7. HP: 56/61 MP: 6/6
  3419 | D:5      | Entered Level 5 of the Dungeon
  3596 | D:5      | Reached skill level 5 in Armour
  4364 | D:6      | Reached skill level 6 in Armour
  4504 | D:6      | Reached XP level 8. HP: 58/70 MP: 5/7
  4697 | D:6      | Reached skill level 7 in Armour
  5307 | D:7      | Noticed a slime creature
  5309 | D:7      | Noticed a slime creature
  5314 | D:7      | Noticed a slime creature
  5345 | D:7      | Killed a slime creature
  5346 | D:7      | Reached skill level 10 in Maces & Flails
  5355 | D:7      | Killed a slime creature
  5356 | D:7      | Reached XP level 9. HP: 39/78 MP: 6/8
  5358 | D:7      | Reached skill level 8 in Armour
  5527 | D:7      | Reached **** piety under Trog
  5758 | D:7      | Reached skill level 1 in Stealth
  6052 | D:7      | Found a staircase to the Ecumenical Temple.
  6259 | D:8      | Noticed a two-headed ogre
  6268 | D:8      | Killed a two-headed ogre
  6731 | D:8      | Reached skill level 9 in Armour
  7224 | D:8      | Got the Papyrus of Fiery Flight
  7319 | D:8      | Reached XP level 10. HP: 88/88 MP: 7/9
  7593 | D:8      | You fall into a shaft and drop 1 floor!
  7706 | D:10     | Entered Level 10 of the Dungeon
  8048 | D:9      | Noticed a two-headed ogre
  8064 | D:9      | Killed a two-headed ogre
  8065 | D:9      | Reached skill level 10 in Armour
  8065 | D:9      | Reached skill level 1 in Evocations
  8445 | D:9      | Upgraded the game from 0.27.0-1-g7a089689b8 to
                  | 0.27.0-65-ge2af304b15
  8451 | D:9      | Noticed Grum
  8471 | D:9      | Killed Grum
  8952 | D:11     | Noticed an eight-headed hydra
  8998 | D:10     | Noticed an elephant
  8999 | D:10     | Found a staircase to the Lair.
  9203 | D:10     | Killed an elephant
  9204 | D:10     | Reached skill level 11 in Armour
  9292 | D:10     | Identified the ring "Naunenn" {rElec EV+4 Int+4 Dex+3}
  9517 | D:10     | Found a glowing golden altar of the Shining One.
  9671 | D:10     | Reached XP level 11. HP: 95/97 MP: 10/10
  9681 | D:10     | Found a runed translucent gate.
  9681 | D:10     | Found a runed translucent gate.
  9681 | D:10     | Found a runed translucent gate.
  9681 | D:10     | Noticed a brown ugly thing
  9681 | D:10     | Noticed a brown ugly thing
  9681 | D:10     | Noticed a brown very ugly thing
  9682 | D:10     | Noticed a glowing orange brain
  9682 | D:10     | Noticed a green ugly thing
  9682 | D:10     | Noticed a brown ugly thing
 10305 | D:10     | Reached ***** piety under Trog
 10610 | Lair:1   | Entered Level 1 of the Lair of Beasts
 10636 | Lair:1   | Reached skill level 5 in Dodging
 10732 | D:11     | Upgraded the game from 0.27.0-65-ge2af304b15 to
                  | 0.27.0-66-gdc8fb28755
 10842 | D:11     | Noticed a seven-headed hydra
 11225 | D:11     | Killed a seven-headed hydra
 11281 | D:11     | Killed an eight-headed hydra
 11282 | D:11     | Reached skill level 10 in Fighting
 11282 | D:11     | Reached skill level 12 in Armour
 11568 | D:11     | Found a shadowy altar of Dithmenos.
 11597 | D:11     | Noticed a cyan ugly thing
 11609 | D:11     | Killed a cyan ugly thing
 12131 | D:12     | Received a gift from Trog
 12338 | D:12     | Noticed a centaur warrior
 12349 | D:12     | Killed a centaur warrior
 12350 | D:12     | Reached skill level 13 in Armour
 12426 | D:12     | Found a staircase to the Orcish Mines.
 12556 | D:12     | Noticed a white ugly thing
 12571 | D:12     | Killed a white ugly thing
 12572 | D:12     | Reached XP level 12. HP: 46/108 MP: 4/11
 12892 | D:12     | Noticed a two-headed ogre
 12906 | D:12     | Killed a two-headed ogre
 13067 | D:12     | Noticed a two-headed ogre
 13074 | D:12     | Killed a two-headed ogre
 13075 | D:12     | Reached skill level 14 in Armour
 13419 | Orc:1    | Entered Level 1 of the Orcish Mines
 13553 | Orc:2    | Entered Level 2 of the Orcish Mines
 13555 | Orc:2    | Received a gift from Trog
 14181 | Orc:2    | Noticed a two-headed ogre
 14196 | Orc:2    | Killed a two-headed ogre
 14269 | Orc:2    | Found a staircase to the Elven Halls.
 14559 | Orc:2    | Noticed an orc warlord
 14578 | Orc:2    | Killed an orc warlord
 14579 | Orc:2    | Reached skill level 15 in Armour
 14630 | Orc:2    | Noticed an orc high priest
 14643 | Orc:2    | Killed an orc high priest
 14661 | Orc:2    | Noticed an orc high priest
 15192 | Orc:2    | Noticed an orc high priest
 15225 | Orc:2    | Gained mutation: Your body sometimes deteriorates upon
                  | taking damage. [a neqoxec]
 15232 | Orc:2    | Killed an orc high priest
 15342 | Orc:2    | Found Anuplem's Jewellery Boutique.
 15402 | Orc:2    | Noticed an orc high priest
 15433 | Orc:2    | Killed an orc high priest
 16172 | Orc:2    | Found Qijyisog's Armour Shoppe.
 16184 | Orc:2    | Killed an orc high priest
 16295 | Orc:2    | Reached XP level 13. HP: 122/122 MP: 12/12
 16537 | Orc:2    | Paralysed by an orc sorcerer for 7 turns
 16793 | Orc:2    | Found Qiclius's Book Emporium.
 17018 | Orc:2    | Found Pocetwo's Antique Weapon Shoppe.
 17212 | Elf:1    | Entered Level 1 of the Elven Halls
 17458 | Elf:1    | Paralysed by an air elemental for 1 turns
 17460 | Elf:1    | Received a gift from Trog
 17493 | Elf:1    | Reached skill level 16 in Armour
 17530 | Orc:2    | HP: 6/123 [burnt (10)]
 17534 | Orc:2    | Shot with an arrow by a deep elf archer

Illustrated notes

Levels and vault maps discovered:
D:1:      wander_arrival_peaceful_grave, layout_loops_ring,
          hellmonk_ecumenical_altar_arch_garden, minmay_misc_feat_x, st_stairs_6
D:2:      layout_rooms
D:3:      layout_basic, uniq_robin
D:4:      layout_rooms, ebering_ghost_sewer_f, uniq_menkaure
D:5:      layout_basic
D:6:      layout_cave_pools
D:7:      layout_basic, minmay_temple_entry_junction, enter_ossuary_5
D:8:      layout_loops_ring, the_hattery
D:9:      layout_long_grid, uniq_grum
D:10:     layout_loops_corners, tso_altar, david_lair_generic,
          ploomutoo_gammafunk_ghost_potion_laboratory, serial_undead,
          serial_undead_a, serial_undead_a, serial_undead_c, serial_undead_e,
          serial_undead_e, serial_undead_a, serial_undead_d,
          lemuel_flamethrower_2
D:11:     layout_rooms, enter_bailey_2, grunt_dithmenos_shadows
D:12:     layout_irregular_city, zombieorc2_lemuel
D:13:     layout_roguey, lightli_vaults_fourway_checkpoint,
          gauntlet_entry_generic, uniq_rupert
Lair:1:   layout_chaotic_city, worms_lemuel, grunt_megastairs_4,
          serial_bayou_shore_a
Orc:1:    layout_caves, uniq_harold
Orc:2:    pubby_orc_utopia
Elf:1:    nicolae_elf_arrival_fired_up, layout_loops_cross, serial_shops, shop,
          hangedman_elven_crosses_minicolossus

Skill      XL: |  1  2  3  4  5  6  7  8  9 10 11 12 13 |
---------------+----------------------------------------+-----
Fighting       | 4 5 6 8 9 10 13 | 13.7
Maces & Flails | 4 5 6 7 8 10 12 13 14 | 14.0
Armour         | 3 4 6 7 9 11 13 15 16 | 16.0
Dodging        | 3 4 6 7 8 |  8.2
Stealth        | 1 2 |  2.1
Evocations     | 1 2 |  2.1

Action                   |  1- 3 |  4- 6 |  7- 9 | 10-12 | 13-15 || total
-------------------------+-------+-------+-------+-------+-------++-------
Melee: Mace              |    67 |    34 |       |       |       ||   101
       Headbutt          |     7 |    13 |    44 |   205 |    46 ||   315
       Flail             |       |    70 |   171 |   634 |   144 ||  1019
       Dire flail        |       |       |       |       |    11 ||    11
Invok: Berserk           |     1 |     4 |     1 |     8 |       ||    14
Evoke: Wand              |       |       |     5 |     6 |       ||    11
  Use: Scroll            |     5 |     2 |     7 |     9 |       ||    23
       Potion            |       |       |       |     3 |     1 ||     4
Armor: Animal skin       |     5 |       |       |       |       ||     5
       Ring mail         |     3 |       |       |       |       ||     3
       Scale mail        |     3 |       |       |       |       ||     3
       Chain mail        |    21 |    54 |    11 |       |       ||    86
       Plate armour      |       |       |    64 |   268 |    53 ||   385
Dodge: Dodged            |    51 |    48 |    85 |   363 |    78 ||   625
